 Dungeon Crawl Stone Soup version 0.28.0-53-g5a82cb258f (webtiles) character file.

Game seed: 4133838470535333878

225 NinjaNoafa the Magician (level 6, -9/60 HPs)
             Began as a Djinni Hedge Wizard on Aug 21, 2022.
             Was an Initiate of Ru.
             Killed by divine providence
             ... invoked by an orc priest
              (16 damage)
             ... on level 3 of the Dungeon.
             The game lasted 00:11:03 (3486 turns).

NinjaNoafa the Magician (Djinni Hedge Wizard)       Turns: 3486, Time: 00:11:03

Health: -9/60      AC:  2    Str:  9    XL:     6   Next: 21%
Gold:   49         EV: 12    Int: 18    God:    Ru [......] SH:  0 Dex: 12

rFire   + + .      SeeInvis .   o - +2 dagger (freeze)
rCold   x . .      Faith    .   (no shield)
rNeg    . . .      Spirit   .   b - +0 robe
rPois   ∞          Reflect  .   c - +0 hat
rElec   .          Harm     .   (no cloak)
rCorr   .          Rampage  .   (no gloves)
Will    .....                   (boots unavailable)
Stlth   ..........              (no amulet)
HPRegen 0.20/turn               (no ring)
MPRegen 0.00/turn               (no ring)

@: mighty, berserking, on blink cooldown, flying, very quick
A: sickness immunity, fire resistance 2, cold vulnerability 1, float, innate
caster, HP casting, extra vitality 1
a: Renounce Religion


You were on level 3 of the Dungeon.
You worshipped Ru.
Ru was noncommittal.
You visited 1 branch of the dungeon, and saw 3 of its levels.

You collected 49 gold pieces.

Inventory:

Hand Weapons
 o - a +2 dagger of freezing (weapon)
Missiles
 a - 3 boomerangs
 d - 112 stones
Armour
 b - a +0 robe (worn)
 c - a +0 hat (worn)
Scrolls
 f - 2 scrolls of identify {unknown}
 g - a scroll of enchant armour {unknown}
 i - a scroll of noise {unknown}
 k - 2 scrolls of magic mapping {unknown}
 p - a scroll of enchant weapon {unknown}
Potions
 e - 3 potions of curing
 l - a potion of haste {unknown}
 m - 2 potions of attraction {unknown}
 n - a potion of invisibility {unknown}


   Skills:
 - Level 3.0 Dodging
 - Level 1.5 Stealth
 + Level 4.8 Spellcasting


You couldn't memorise any spells.
You knew the following spells:

 Your Spells              Type           Power      Damage    Failure   Level
a - Magic Dart            Conj           84%        1d7       1%          1
b - Blink                 Tloc           42%        N/A       2%          2
c - Call Imp              Summ           21%        N/A       2%          2
d - Slow                  Hex            84%        N/A       1%          1
e - Conjure Flame         Conj/Fire      21%        6-21      5%          3
f - Mephitic Cloud        Conj/Pois/Air  21%        N/A       5%          3
g - Beastly Appendage     Tmut           42%        N/A       1%          1
h - Passwall              Tmut/Erth      17%        N/A       2%          2
Your spell library was empty.

Dungeon Overview and Level Annotations

Branches:
Dungeon (3/15)

Altars:
Qazlal
Ru
Trog


Innate Abilities, Weirdness & Mutations

You are immune to sickness and miasma.
You are immune to poison.
Your flesh is very heat resistant. (rF++)
You are vulnerable to cold. (rC-)
You float through the air rather than walking.
You learn spells naturally, not from books.
Your magical power is your life essence.
You have superior vitality. (+4 MHP)


Message History

The orc priest is moderately wounded.
The orc barely misses your crimson imp.
The orc priest invokes the aid of Beogh against you.
Beogh smites you!
* * * LOW HITPOINT WARNING * * *
Your crimson imp hits the orc but does no damage.
It was a potion of curing.
You feel better. The orc misses your crimson imp.
The orc priest invokes the aid of Beogh against you.
Pain shoots through your body!
* * * LOW HITPOINT WARNING * * *
Your crimson imp barely misses the orc.
You feel better. The orc misses your crimson imp. The orc priest misses you.
The orc priest hits your crimson imp with a +0 war axe.
Your crimson imp barely misses the orc.
It was a potion of might.
You feel very mighty all of a sudden. The orc misses your crimson imp.
The orc priest mumbles some strange prayers to Beogh against you.
Beogh smites you!
* * * LOW HITPOINT WARNING * * *
Your crimson imp hits the orc.
The orc dies!
You feel better.
The orc priest hits you with a +0 war axe.
* * * LOW HITPOINT WARNING * * *
The orc priest closely misses your crimson imp.
Your crimson imp hits the orc priest.
Casting: Call Imp (safe; 2% risk of failure)
Confirm with . or Enter, or press ? or * to list all spells.
You blink.
* * * LOW HITPOINT WARNING * * *
Something barely misses your crimson imp.
It was a potion of berserk rage.
A red film seems to cover your vision as you go berserk!
You feel yourself moving faster!
You feel mighty!
You puncture the orc priest! You freeze the orc priest.
The orc priest is almost dead.
The orc priest calls down the wrath of Beogh upon you.
Beogh smites you!
You die...

... ###. .... #.. .....###.#
.....'o#.# .....'or.#
.....###.################## ...
#...5§.5..§§.........# .
#######o..§§.≈.^^..#.#
###....@.#.≈^#...##^≈.#
##...######^.^#^..^##..#
##.#### #..≈^...###≈.# #...##
##.≈......≈≈^.# ###..#
#......_......# ##### ##.#
#.^..§....≈^≈## ....# #.#
#...^#..≈.#..#
###########.######.^##^...#.#^#
......<.............#≈^...###.#


You could see an orc priest (ally target) and a friendly crimson imp (summoned).

Vanquished Creatures
  Sigmund (D:2)
  Jessica (D:2)
  An adder (D:3)
  A dart slug (D:1)
  An orc (D:3)
  7 endoplasms
  2 giant cockroaches
  3 goblins
  4 hobgoblins
  3 quokkas
  2 ball pythons
  2 bats
  3 frilled lizards (D:1)
  5 kobolds
  3 rats
39 creatures vanquished.

Vanquished Creatures (collateral kills)
  2 orcs (D:3)
  A goblin (D:3)
3 creatures vanquished.

Grand Total: 42 creatures vanquished

Notes
Turn   | Place    | Note
-------+----------+-------------------------------------------
     0 | D:1      | NinjaNoafa the Djinni Hedge Wizard began the quest for the
                  | Orb.
     0 | D:1      | Reached XP level 1. HP: 15/15 MP: 0/0
   442 | D:1      | Reached XP level 2. HP: 15/21 MP: 0/0
  1677 | D:2      | Reached XP level 3. HP: 21/25 MP: 0/0
  1677 | D:2      | Learned a level 1 spell: Beastly Appendage
  1723 | D:2      | Found a faded altar of an unknown god.
  1787 | D:2      | Noticed Jessica
  1794 | D:2      | Killed Jessica
  1795 | D:2      | Reached skill level 3 in Spellcasting
  1795 | D:2      | Reached XP level 4. HP: 13/31 MP: 0/0
  2273 | D:2      | Noticed Sigmund
  2298 | D:2      | Killed Sigmund
  2299 | D:2      | Reached skill level 4 in Spellcasting
  2299 | D:2      | Reached XP level 5. HP: 14/35 MP: 0/0
  2299 | D:2      | Learned a level 2 spell: Passwall
  2299 | D:2      | Reached XP level 6. HP: 16/40 MP: 0/0
  3171 | D:3      | Found a sacrificial altar of Ru.
  3180 | D:3      | Became a worshipper of Ru the Awakened
  3284 | D:3      | Found a bloodstained altar of Trog.
  3389 | D:3      | Found a stormy altar of Qazlal.
  3480 | D:3      | HP: 1/40 [orc priest/divine providence (12)]
  3486 | D:3      | Killed from afar by an orc priest

Illustrated notes

Levels and vault maps discovered:
D:1:      mainiacjoe_arrival_reflecting_pool, layout_basic, solitary_fountain
D:2:      layout_basic, shapermc_ecumenical_altar_starsandcircs,
          chequers_avenue, dk_vineyard_1, kennysheep_doodads, uniq_jessica,
          uniq_sigmund
D:3:      kennysheep_big_flooded_room, layout_rooms,
          nicolae_overflow_crystal_walls, grunt_qazlal_sundering,
          nicolae_ru_sacrificial_ziggurat

Skill      XL: |  1  2  3  4 |
---------------+-------------+-----
Dodging        | 3 |  3.0
Spellcasting   | 3 4 |  4.8
Stealth        | |  1.5

Action                   |  1- 3 |  4- 6 || total
-------------------------+-------+-------++-------
Melee: Morningstar       |    24 |       ||    24
       Dagger            |     1 |    19 ||    20
       Headbutt          |     2 |     1 ||     3
       Punch             |       |     1 ||     1
 Cast: Magic Dart        |    28 |    21 ||    49
       Slow              |     1 |     4 ||     5
       Beastly Appendage |     2 |     1 ||     3
       Call Imp          |       |     6 ||     6
       Conjure Flame     |       |    15 ||    15
       Mephitic Cloud    |       |     3 ||     3
       Blink             |       |     1 ||     1
       Passwall          |       |     1 ||     1
  Use: Potion            |       |     5 ||     5
 Stab: Sleeping          |     1 |     1 ||     2
Armor: Robe              |     7 |     6 ||    13
Dodge: Dodged            |    16 |    18 ||    34
